 Dungeon Crawl Stone Soup version 0.24.1-4-ge52af88ad5 (webtiles) character file.

Game seed: 11096763485378550220, levelgen mode: deterministic

3101 MajorAdolf the Cleaver (level 9, -3/78 HPs)
             Began as a Naga Wanderer on Apr 13, 2020.
             Was an Initiate of Gozag.
             Slain by a torpor snail (13 damage)
             ... on level 8 of the Dungeon.
             The game lasted 00:16:50 (10573 turns).

MajorAdolf the Cleaver (Naga Wanderer)             Turns: 10573, Time: 00:16:50

Health: -3/78      AC: 13    Str: 14    XL:     9   Next: 90%
Magic:  0/10       EV:  5    Int: 11    God:    Gozag
Gold:   86         SH:  0    Dex: 11    Spells: 8/8 levels left

rFire    . . .     SeeInvis +   G - +2 battleaxe
rCold    . . .     Gourm    .   (shield currently unavailable)
rNeg     + . .     Faith    .   r - +3 chain mail of Serendipity {+Blink rPois Str-3 Dex-2}
rPois    +         Spirit   +   (no helmet)
rElec    .         Reflect  .   (no cloak)
rCorr    .         Harm     .   B - +0 pair of gloves (curse)
MR       +....                  (no barding)
Stlth    ..........             e - amulet of guardian spirit
HPRegen  0.23/turn              v - ring of positive energy
MPRegen  0.12/turn              (no ring)

@: gold aura, slowed, very slow
A: large, see invisible, deformed body, poison resistance, slowness 2, slow
metabolism 1, spit poison 1, AC +3
a: Spit Poison, Potion Petition, Call Merchant, Bribe Branch, Renounce Religion,
Evoke Blink


You were on level 8 of the Dungeon.
You worshipped Gozag.
Gozag was noncommittal.
You were very hungry.

You visited 1 branch of the dungeon, and saw 8 of its levels.
You also visited: Sewer.

You collected 408 gold pieces.
You spent 192 gold pieces at shops.
You paid 130 gold pieces to Gozag.

Inventory:

Hand Weapons
 n - a +0 hand axe
 p - a +0 war axe
 G - a +2 battleaxe (weapon)
Missiles
 d - 5 curare-tipped darts (quivered)
 D - 69 arrows
Armour
 k - a +1 scale mail of fire resistance
 r - the +3 chain mail of Serendipity (worn) {+Blink rPois Str-3 Dex-2}
   (You found it on level 6 of the Dungeon)

   It affects your strength (-3).
   It affects your dexterity (-2).
   It protects you from poison.
   It lets you blink.
 B - a cursed +0 pair of gloves (worn)
 K - a +0 buckler
Jewellery
 e - an amulet of guardian spirit (around neck)
 j - an uncursed amulet of magic regeneration
 s - an uncursed ring of flight {unknown}
 v - a ring of positive energy (left hand)
 C - a cursed ring of attention {unknown}
 H - a +2 ring of dexterity {unknown}
Wands
 c - a wand of paralysis (4)
 E - a wand of polymorph (4)
 J - a wand of flame (18)
Scrolls
 h - 3 scrolls of fog
 i - 3 scrolls of enchant armour
 l - 4 scrolls of identify
 o - 3 scrolls of remove curse
 t - a scroll of random uselessness {unknown}
 x - 4 scrolls of teleportation {unknown}
 y - 2 scrolls of fear {unknown}
 I - a scroll of blinking
Potions
 a - 2 potions of flight
 b - a potion of cancellation
 g - a potion of mutation
 m - 2 potions of might
 q - 4 potions of brilliance
 u - 7 potions of curing
 w - 2 potions of ambrosia
 z - 6 potions of heal wounds
 A - a potion of agility
 F - a potion of invisibility {unknown}
Comestibles
 f - 13 rations


   Skills:
 + Level 4.1 Fighting
   Level 2.0 Long Blades
 + Level 10.1 Axes
   Level 1.0 Bows
 + Level 6.5 Armour
 + Level 1.8 Dodging
 - Level 1.5 Stealth
 + Level 0.9 Shields
 + Level 1.6 Evocations


You had 8 spell levels left.
You didn't know any spells.
Your spell library was empty.

Dungeon Overview and Level Annotations

Branches:
Dungeon (8/15)             Temple (0/1) D:7           Sewer (visited)
   Lair: D:8-11

Altars:
Gozag
Hepliaklqana
Wu Jian
Xom
Yredelemnul
The Shining One

Shops:
D:5 !%([:   D:8 *

Annotations:
D:3 1 runed translucent door


Innate Abilities, Weirdness & Mutations

You cannot wear boots.
Your serpentine skin is tough. (AC +3)
You have supernaturally acute eyesight. (SInv)
Armour fits poorly on your strangely shaped body.
Your system is resistant to poisons. (rPois)
You cover ground very slowly.
You have a slow metabolism.
You can spit poison.


Message History

The torpor snail is heavily wounded.
The torpor snail bites you!
You are feeling very hungry.
You slice the torpor snail!!
The torpor snail is severely wounded.
The torpor snail bites you.
You hit the torpor snail.
The torpor snail is severely wounded.
The torpor snail bites you! x2
* * * LOW HITPOINT WARNING * * *
Unknown command.
You hit the torpor snail but do no damage.
The torpor snail is severely wounded.
The torpor snail bites you!
* * * LOW HITPOINT WARNING * * *
Unknown command.
Unknown command.
The torpor snail bites you!
You die...
Your body crumbles into a pile of gold.

.....P.P.# ..)..P∩P.#
.....PPP.#
.........####
........##..#
............#
......$.....#
.......w....#
.......@..####
...###...###.##
.........#....##
...............#
.........<.....#
...............#
##..#..........######
#####.........#....###
...
####.................#


You could see a torpor snail.

Vanquished Creatures
  Pikel (D:5)
  Prince Ribbit (D:6)
  A wyvern (D:8)
  A sky beast (D:5)
  2 slaves
  4 ogres
  2 phantoms (D:7)
  3 centaurs
  A crocodile (D:7)
  3 bullfrogs
  A scorpion (D:5)
  A vampire bat (D:6)
  3 wights (D:6)
  A bullfrog zombie (D:5)
  2 crimson imps (D:5)
  A centaur zombie (D:6)
  A human zombie (D:3)
  A centaur skeleton (D:4)
  A hound (D:6)
  2 orc priests
  Terence (D:3)
  6 iguanas
  2 orc wizards
  6 worker ants
  A hound zombie (D:8)
  3 gnolls (D:7)
  10 adders
  3 river rats (Sewer)
  A shadow imp (D:5)
  2 oozes (Sewer)
  An adder skeleton (D:4)
  2 worms
  3 dart slugs
  3 leopard geckos
  19 orcs
  12 ball pythons
  4 giant cockroaches
  3 goblins
  8 hobgoblins
  13 jackals
  2 quokkas
  14 bats
  9 frilled lizards
  9 kobolds
  2 quokka skeletons (D:6)
  A quokka zombie (D:4)
  33 rats
  A rat zombie (D:4)
207 creatures vanquished.

Vanquished Creatures (others)
  An ice beast (D:5)
  An ooze (D:5)
  A leopard gecko (D:5)
3 creatures vanquished.

Grand Total: 210 creatures vanquished

Notes
Turn   | Place    | Note
-------+----------+-------------------------------------------
     0 | D:1      | MajorAdolf the Naga Wanderer began the quest for the Orb.
     0 | D:1      | MajorAdolf set off with the following items: a +0 shortbow,
                  | a +0 ring mail, a wand of paralysis (15), 25 arrows, a
                  | ration
     0 | D:1      | Reached XP level 1. HP: 19/19 MP: 1/1
   220 | D:1      | Reached XP level 2. HP: 20/26 MP: 2/2
  1092 | D:2      | Reached XP level 3. HP: 30/32 MP: 3/3
  1666 | D:2      | Reached XP level 4. HP: 10/39 MP: 4/4
  2387 | D:3      | Reached XP level 5. HP: 27/45 MP: 5/5
  2538 | D:3      | Found a runed translucent door.
  2538 | D:3      | Noticed a human
  2604 | D:3      | Found a basalt altar of Yredelemnul.
  2802 | D:3      | Noticed Terence
  2814 | D:3      | Killed Terence
  2814 | D:3      | Reached skill level 1 in Axes
  3324 | D:3      | Reached skill level 2 in Axes
  3626 | D:4      | Reached skill level 3 in Axes
  3626 | D:4      | Reached XP level 6. HP: 30/52 MP: 6/6
  3721 | D:4      | Reached skill level 4 in Axes
  4485 | D:4      | Reached skill level 5 in Axes
  4485 | D:4      | Reached XP level 7. HP: 36/60 MP: 7/7
  4899 | D:5      | Entered Level 5 of the Dungeon
  4905 | D:5      | Found a glowing drain.
  4917 | Sewer    | Entered a sewer
  5601 | Sewer    | Reached skill level 6 in Axes
  5968 | D:5      | Noticed Pikel
  6448 | D:5      | Killed Pikel
  6448 | D:5      | Reached skill level 7 in Axes
  6448 | D:5      | Reached skill level 5 in Armour
  6448 | D:5      | Reached XP level 8. HP: 56/69 MP: 8/8
  6506 | D:5      | Found Pohoec's Food Boutique.
  7016 | D:5      | Reached skill level 1 in Dodging
  7098 | D:5      | Reached skill level 8 in Axes
  7455 | D:5      | Found Bowestrih's Book Boutique.
  7462 | D:5      | Found Plog's Armour Boutique.
  7530 | D:5      | Found Ehobbos's Weapon Emporium.
  7666 | D:5      | Found Qiyxzim's Distillery.
  7687 | D:5      | Bought a potion of might for 48 gold pieces
  7687 | D:5      | Bought a potion of curing for 36 gold pieces
  7687 | D:5      | Bought a potion of heal wounds for 60 gold pieces
  7687 | D:5      | Bought a potion of agility for 48 gold pieces
  8316 | D:6      | Got a pearl-encrusted chain mail
  8378 | D:6      | Reached XP level 9. HP: 67/76 MP: 9/9
  8389 | D:6      | Identified the +3 chain mail of Serendipity {+Blink rPois
                  | Str-3 Dex-2} (You found it on level 6 of the Dungeon)
  8688 | D:6      | Found an opulent altar of Gozag.
  8877 | D:6      | Found a glowing golden altar of the Shining One.
  8945 | D:6      | Noticed Prince Ribbit
  8964 | D:6      | Killed Prince Ribbit
  8964 | D:6      | Reached skill level 9 in Axes
  9470 | D:6      | Found a hazy altar of Hepliaklqana.
  9470 | D:6      | Found an ornate altar of the Wu Jian Council.
  9470 | D:6      | Found a shimmering altar of Xom.
  9752 | D:7      | Found a staircase to the Ecumenical Temple.
  9959 | D:7      | Reached skill level 10 in Axes
 10381 | D:6      | Became a worshipper of Gozag Ym Sagoz the Greedy
 10554 | D:8      | Found Aczoxt's Assorted Antiques.
 10558 | D:8      | Noticed a two-headed ogre
 10560 | D:8      | Noticed a torpor snail
 10560 | D:8      | a two-headed ogre changed into a torpor snail
 10573 | D:8      | Slain by a torpor snail

Levels and vault maps discovered:
D:1:      evilmike_arrival_plus, layout_rooms, minmay_misc_feat_doors
D:2:      minmay_chambers_of_twos, layout_rooms, palyth_stone_intersect,
          kennysheep_minor_cross
D:3:      layout_basic, dk_yredelemnul_ordeal, uniq_terence
D:4:      layout_cave_pools, enter_ossuary_4, grunt_ministairs_13
D:5:      minmay_opposing_rooms, layout_basic, serial_shops, shop,
          shop_fountains, shop, nicolae_shop_statue_plus, shop, first_ration,
          cheibrodos_sewer_entry_bend, skrybe_limestone_x, uniq_pikel
D:6:      layout_basic, nicolae_overflow_hidden_temple, roderic_batcave,
          uniq_prince_ribbit1
D:7:      layout_loops_ring, minmay_temple_entry_glass
D:8:      layout_cave_pools, serial_shops, nicolae_shop_overgrown_old_shop

Skill      XL: |  1  2  3  4  5  6  7  8  9 |
---------------+----------------------------+-----
Armour         | 3 4 5 6 |  6.5
Axes           | 3 5 7 8 10 | 10.1
Fighting       | 3 4 |  4.1
Dodging        | 1 |  1.8
Long Blades    | |  2.0
Bows           | |  1.0
Stealth        | |  1.5
Shields        | |  0.9
Evocations     | |  1.6

Action                   |  1- 3 |  4- 6 |  7- 9 || total
-------------------------+-------+-------+-------++-------
Melee: Short sword       |    95 |    56 |       ||   151
       Unarmed           |     2 |       |       ||     2
       Hand axe          |       |    39 |       ||    39
       War axe           |       |    76 |   359 ||   435
       Battleaxe         |       |       |   112 ||   112
 Abil: Spit Poison       |    20 |    14 |     8 ||    42
Evoke: Wand              |       |     7 |    10 ||    17
  Use: Scroll            |     4 |     5 |     8 ||    17
       Potion            |       |       |     3 ||     3
 Stab: Sleeping          |     1 |     1 |       ||     2
       Paralysed         |       |     9 |    13 ||    22
       Distracted        |       |       |     1 ||     1
  Eat: Chunk             |     2 |     8 |     7 ||    17
       Ration            |       |       |     3 ||     3
Armor: Ring mail         |    57 |    32 |       ||    89
       Scale mail        |       |    86 |   196 ||   282
       Chain mail        |       |       |   160 ||   160
Dodge: Dodged            |    52 |    91 |   189 ||   332
